 Dungeon Crawl Stone Soup version 0.20.1-1-g8b1a95d (webtiles) character file.

205 Linguinho the Chucker (level 5, -2/49 HPs)
             Began as a Troll Hunter on Nov 14, 2017.
             Killed by divine providence
             ... invoked by an orc priest
              (13 damage)
             ... on level 3 of the Dungeon.
             The game lasted 00:02:50 (1918 turns).

Linguinho the Chucker (Troll Hunter)                Turns: 1918, Time: 00:02:51

Health: -2/49      AC:  5    Str: 21    XL:     5   Next: 53%
Magic:  4/4        EV: 10    Int:  7    God:
Gold:   119        SH:  0    Dex: 10    Spells: 4/4 levels left

rFire    . . .     SeeInvis .     - Unarmed
rCold    . . .     Gourm    +   (no shield)
rNeg     . . .     Faith    .   b - +0 robe
rPois    .         Spirit   .   (helmet restricted)
rElec    .         Reflect  .   w - scarf {repulsion}
rCorr    .         Harm     .   (gloves unavailable)
MR       .....                  (boots unavailable)
Stlth    +.........             (no amulet)
Regen    0.6/turn               (no ring)
MPRegen  0.1/turn               (no ring)

@: repel missiles
A: unfitting armour, claws 3, fast metabolism 3, gourmand, regeneration 1,
shaggy fur 1, tough skin 2
a: no special abilities


You were on level 3 of the Dungeon.
You were completely stuffed.

You visited 1 branch of the dungeon, and saw 3 of its levels.

You collected 119 gold pieces.

Inventory:

Hand Weapons
 i - a cursed +0 club
Missiles
 c - 5 large rocks
 d - 2 throwing nets (quivered)
Armour
 b - a +0 robe (worn)
 w - a scarf of repulsion (worn)
Wands
 u - a wand of digging (18/24)
Scrolls
 h - 6 scrolls of identify {unknown}
 j - 3 scrolls of enchant weapon {unknown}
 m - a scroll of enchant armour {unknown}
 q - 2 scrolls of teleportation {unknown}
 x - a scroll of remove curse {unknown}
Potions
 a - a potion of mutation {unknown}
 e - a potion of might {unknown}
 g - a potion of heal wounds {unknown}
 k - 2 potions of curing {unknown}
 l - a potion of ambrosia {unknown}
 p - 2 potions of berserk rage {unknown}
 r - a potion of agility {unknown}
 s - 3 potions of cancellation {unknown}
 v - a potion of lignification {unknown}
Comestibles
 f - 4 bread rations
 n - 18 chunks of flesh
 o - a royal jelly
 t - a meat ration


   Skills:
 + Level 1.8 Fighting
 * Level 1.4 Maces & Flails
 * Level 4.8 Throwing
 + Level 2.0 Dodging
 + Level 0.9 Stealth
 + Level 2.6 Unarmed Combat


You had 4 spell levels left.
You didn't know any spells.

Dungeon Overview and Level Annotations

Branches:
Dungeon (3/15)

Altars:
Ashenzari
Gozag
Ru


Innate Abilities, Weirdness & Mutations

You are too large for most types of armour.
You have claws for hands.
Your metabolism is lightning-fast.
You like to eat raw meat.
Your natural rate of healing is unusually fast.
You are covered in fur. (AC +1)
You have very tough skin. (AC +2)


Message History

Okay, then.
Quiver which item? (- for none, * to show all) (? for menu, Esc to quit)
Quivering
d - 3 throwing nets for throwing.
Throwing (i - inventory. (,) - cycle):
d - 3 throwing nets (quivered)
Press: ? - help, Shift-Dir - straight line, f - orc
Aim: an orc, wielding a club You throw a throwing net.
The throwing net hits the orc.
The orc is caught in the net!
The orc priest calls upon Beogh to heal the orc wizard.
The orc wizard's wounds heal themselves!
The orc wizard casts a spell.
The orc wizard blinks!
The orc struggles against the net.
The orc wizard hits you but does no damage.
The orc struggles against the net.
You closely miss the orc wizard. The orc wizard closely misses you.
You barely miss the orc wizard.
The orc struggles against the net.
The orc wizard closely misses you.
The orc priest calls down the wrath of Beogh upon you.
Beogh smites you!
You die...

#. #.....#...≈ .##
.#.......### # ...
..#.....##.#.
#.##.##.#
#.....##.#.
#..oo...#
########... #o#
#######. #.#
#....... ##.##
#.##.#.. #.@.##
#.#..... #o...#
#.#..#.#
#....#######.#[.#.#
####....(..........
################


You could see an orc priest, an orc wizard and 2 orcs.

Vanquished Creatures
  An orc priest (D:3)
  Ijyb (D:2)
  6 adders
  3 oozes (D:1)
  A worm (D:2)
  4 dart slugs
  3 leopard geckos
  3 orcs (D:3)
  A ball python (D:3)
  2 giant cockroaches
  15 goblins
  4 hobgoblins
  6 kobolds
  A quokka (D:2)
  4 bats
  2 frilled lizards
  12 rats
69 creatures vanquished.

Notes
Turn   | Place    | Note
-------+----------+-------------------------------------------
     0 | D:1      | Linguinho the Troll Hunter began the quest for the Orb.
     0 | D:1      | Reached XP level 1. HP: 19/19 MP: 0/0
    96 | D:1      | Found a shattered altar of Ashenzari.
   139 | D:1      | Reached skill level 4 in Throwing
   139 | D:1      | Reached XP level 2. HP: 27/27 MP: 1/1
   391 | D:1      | Reached XP level 3. HP: 33/33 MP: 2/2
   782 | D:2      | Reached skill level 1 in Unarmed Combat
   921 | D:2      | Reached XP level 4. HP: 36/42 MP: 3/3
  1037 | D:2      | Noticed Ijyb
  1051 | D:2      | Killed Ijyb
  1051 | D:2      | Reached skill level 1 in Maces & Flails
  1196 | D:2      | Found a sacrificial altar of Ru.
  1525 | D:2      | Reached XP level 5. HP: 27/49 MP: 4/4
  1532 | D:2      | Found an opulent altar of Gozag.
  1918 | D:3      | Killed from afar by an orc priest

Skill      XL: |  1  2  3  4  5 |
---------------+----------------+-----
Throwing       | 4 |  4.8
Unarmed Combat | 1 2 |  2.6
Maces & Flails | 1 |  1.4
Dodging        | 2 |  2.0
Fighting       | |  1.8
Stealth        | |  0.9

Action                   |  1- 3 |  4- 6 || total
-------------------------+-------+-------++-------
Melee: Unarmed           |   117 |   111 ||   228
Throw: Throwing net      |       |     1 ||     1
 Stab: Sleeping          |     3 |     3 ||     6
  Eat: Chunk             |    14 |     9 ||    23
Armor: Robe              |    27 |    56 ||    83
Dodge: Dodged            |    56 |    77 ||   133
       Deflected         |       |     3 ||     3
